 Dungeon Crawl Stone Soup version 0.26.1-11-gd32895ea62 (webtiles) character file.

Game seed: 10235913971175572931

291 Silvore the Slasher (level 6, -1/47 HPs)
             Began as a Demonspawn Gladiator on June 28, 2021.
             Slain by Grinder (5 damage)
             ... on level 3 of the Dungeon.
             The game lasted 00:04:46 (3108 turns).

Silvore the Slasher (Demonspawn Gladiator)          Turns: 3108, Time: 00:04:46

Health: -1/47      AC:  8    Str: 17    XL:     6   Next: 10%
Magic:  6/6        EV:  7    Int:  9    God:
Gold:   102        SH:  6    Dex: 14    Spells: 5/5 levels left

rFire    + . .     SeeInvis .   a - +0 long sword
rCold    + . .     Faith    .   k - +2 buckler {rC+ rF+}
rNeg     . . .     Spirit   .   o - +0 chain mail
rPois    .         Reflect  .   (helmet restricted)
rElec    .         Harm     .   (no cloak)
rCorr    .         Rampage  .   (no gloves)
Will     .....                  (no boots)
Stlth    ..........             m - amulet of regeneration
HPRegen  0.55/turn              (no ring)
MPRegen  0.10/turn              (no ring)

@: no status effects
A: horns 2, demonic guardian 1
a: no special abilities


You were on level 3 of the Dungeon.
You visited 1 branch of the dungeon, and saw 4 of its levels.

You collected 102 gold pieces.

Inventory:

Hand Weapons
 a - a +0 long sword (weapon)
Missiles
 d - 3 throwing nets (quivered)
Armour
 b - a +0 leather armour
 c - a +0 helmet
 k - a +2 buckler of resistance (worn)
 o - a +0 chain mail (worn)
Jewellery
 m - an amulet of regeneration (around neck)
 q - a cursed -4 ring of intelligence {unknown}
Scrolls
 g - a scroll of identify
Potions
 e - a potion of berserk rage {unknown}
 h - a potion of ambrosia {unknown}
 i - 2 potions of haste
 j - 2 potions of magic {unknown}
 n - 3 potions of lignification {unknown}
 p - a potion of degeneration {unknown}


   Skills:
 + Level 3.0 Fighting
 + Level 4.7 Long Blades
 + Level 1.8 Throwing
 + Level 1.9 Armour
 + Level 3.1 Dodging
 + Level 0.6 Stealth
 + Level 1.4 Shields


You had 5 spell levels left.
You didn't know any spells.
Your spell library was empty.

Dungeon Overview and Level Annotations

Branches:
Dungeon (4/15)
 Temple: D:4-7

Altars:
Dithmenos
Vehumet

Annotations:
D:3 Grinder
D:4 1 transporter, JBAR's ghost, amateur GnNe


Innate Abilities, Weirdness & Mutations

You have a pair of horns on your head.
A weak demonic guardian rushes to your aid.


Message History

Your quasit disappears in a puff of smoke!
There is a stone staircase leading down here.
You barely miss the gnoll.
You headbutt the gnoll, but do no damage.
The gnoll hits you with a +0 flail! Grinder hits you but does no damage.
You hit the gnoll.
The gnoll is heavily wounded.
You block the gnoll's attack. Grinder hits you.
You writhe in agony.
You closely miss the gnoll.
The gnoll is heavily wounded.
You block Grinder's attack. The gnoll hits you with a +0 flail!
Grinder hits you.
* * * LOW HITPOINT WARNING * * *
Unknown command.
You hit the gnoll.
The gnoll is heavily wounded.
The gnoll hits you with a +0 flail!
* * * LOW HITPOINT WARNING * * *
Grinder hits you.
You die...

#<######.....○.☼§#
#[#
#............○_..#
#.#
##########.#.○.○.#
#.# #.#.○...# #.#
#.###..## #.# #.#
#.## ######.#
#.###.####......#
#.....g.##.######
#####.#@##.#
#.#5##.#############
#.#5##..............
#.#.##....##########
#.#.....#.# #
#.####....# #######
#.# #...## ##......
#.####...####.#(#.##
#..>.....>........##


You could see Grinder, a gnoll and a crimson imp.

Vanquished Creatures
  Edmund (D:4)
  A crimson imp (D:3)
  3 gnolls
  2 adders
  2 oozes
  2 dart slugs
  4 giant cockroaches
  5 goblins
  10 hobgoblins
  3 jackals (D:1)
  A quokka (D:3)
  7 bats (D:1)
  5 frilled lizards
  5 kobolds
  8 rats
59 creatures vanquished.

Vanquished Creatures (collateral kills)
  A howler monkey (D:4)
1 creature vanquished.

Grand Total: 60 creatures vanquished

Notes
Turn   | Place    | Note
-------+----------+-------------------------------------------
     0 | D:1      | Silvore the Demonspawn Gladiator began the quest for the
                  | Orb.
     0 | D:1      | Reached XP level 1. HP: 16/16 MP: 1/1
   399 | D:1      | Gained mutation: You have a pair of small horns on your
                  | head. [demonic ancestry]
   399 | D:1      | Reached XP level 2. HP: 22/22 MP: 2/2
   655 | D:1      | Reached skill level 3 in Long Blades
  1227 | D:1      | Gained mutation: A weak demonic guardian rushes to your
                  | aid. [demonic ancestry]
  1227 | D:1      | Reached XP level 3. HP: 25/28 MP: 3/3
  2292 | D:3      | Found a radiant altar of Vehumet.
  2298 | D:3      | Reached skill level 1 in Armour
  2319 | D:3      | Reached XP level 4. HP: 34/34 MP: 4/4
  2324 | D:3      | Found a shadowy altar of Dithmenos.
  2957 | D:4      | Found a transporter.
  2967 | D:4      | Noticed Edmund
  2981 | D:4      | Noticed JBAR's ghost (amateur GnNe)
  2984 | D:4      | Killed Edmund
  2985 | D:4      | Reached skill level 4 in Long Blades
  2985 | D:4      | Reached XP level 5. HP: 10/40 MP: 5/5
  2989 | D:4      | HP: 1/40 [howler monkey (4)]
  3069 | D:4      | Noticed a phantom
  3086 | D:4      | Noticed Grinder
  3100 | D:3      | Reached skill level 1 in Shields
  3100 | D:3      | Gained mutation: You have a pair of horns on your head.
                  | [demonic ancestry]
  3100 | D:3      | Reached XP level 6. HP: 47/47 MP: 6/6
  3108 | D:3      | Slain by Grinder

Illustrated notes

Levels and vault maps discovered:
D:1:      psy_arrival_heroes, layout_basic, nrook_uturn, minmay_pentomino_o2
D:2:      layout_basic
D:3:      layout_loops_ring, fiery_altar_vehumet,
          grunt_dithmenos_smoke_and_mirrors
D:4:      layout_cave_pools, minmay_temple_entry_statues_fountains,
          gammafunk_ghost_stat_death, led_xom_imps, uniq_sigmund, uniq_edmund,
          uniq_grinder, uniq_robin

Skill      XL: |  1  2  3  4  5 |
---------------+----------------+-----
Dodging        | 3 |  3.1
Long Blades    | 3 4 |  4.7
Armour         | 1 |  1.9
Fighting       | 3 |  3.0
Shields        | 1 |  1.4
Throwing       | |  1.8
Stealth        | |  0.6

Action                   |  1- 3 |  4- 6 || total
-------------------------+-------+-------++-------
Melee: Long sword        |   109 |    72 ||   181
       Headbutt          |    15 |    15 ||    30
  Use: Scroll            |     3 |     3 ||     6
 Stab: Sleeping          |     1 |       ||     1
Armor: Leather armour    |    24 |       ||    24
       Chain mail        |     4 |    32 ||    36
Dodge: Dodged            |    79 |    27 ||   106
Block: Buckler           |    14 |    21 ||    35
       Rpst.: Long sword |    24 |     6 ||    30
